 Dungeon Crawl Stone Soup version 0.17.1-3-g152610e (webtiles) character file.

345 Stendarr the Magician (level 6, 0/53 HPs)
             Began as a Troll Fire Elementalist on Apr 17, 2016.
             Killed from afar by Stendarr's ghost (9 damage)
             ... with a flame tongue
             ... on level 4 of the Dungeon.
             The game lasted 00:11:43 (3015 turns).

Stendarr the Magician (Troll Fire Elementalist)     Turns: 3015, Time: 00:11:44

Health: 0/53       AC: 10    Str: 19    XL:     6   Next: 32%
Magic:  6/9        EV:  9    Int: 13    God:
Gold:   232        SH:  0    Dex:  5    Spells: 2 memorised, 7 levels left

rFire  . . .     SeeInvis +     t - +0 flail (protect)
rCold  . . .     Clarity  .     a - +0 robe
rNeg   . . .     SustAt   .     (no shield)
rPois  .         Gourm    +     (helmet restricted)
rElec  .         Spirit   .     (no cloak)
rCorr  .         Warding  .     (gloves unavailable)
rMut   .         Stasis   .     (boots unavailable)
MR     .....                    (no amulet)
Stlth  +.........               s - ring of see invisible
                                m - -5 ring of dexterity (curse)

@: not resistant to hostile enchantments, very unstealthy
A: unfitting armour, claws 3, blurry vision 1, fast metabolism 3, gourmand,
regeneration 2, shaggy fur 1, strong 1, tough skin 2, evolution 1
a: no special abilities


You were on level 4 of the Dungeon.
You were very full.

You visited 1 branch of the dungeon, and saw 4 of its levels.

You collected 232 gold pieces.

Inventory:

Hand Weapons
 p - a +0 blowgun
 t - a +0 flail of protection (weapon)
Missiles
 q - 6 curare-tipped needles
Armour
 a - a +0 robe (worn)
Jewellery
 m - a cursed -5 ring of dexterity (left claw)
 s - a ring of see invisible (right claw)
Scrolls
 d - 2 scrolls of teleportation
 e - 2 scrolls of identify
 h - a scroll of fear {unknown}
 n - 2 scrolls of fog
 o - a scroll of recharging
 w - a scroll of magic mapping {unknown}
Potions
 i - a potion of cure mutation
 j - a potion of magic
 k - a potion of might
 l - a potion of degeneration
 r - a potion of mutation
 u - 2 potions of flight {unknown}
Books
 b - a book of Flames

   Spells                             Type                      Level
   a - Flame Tongue                   Conjuration/Fire             1
   b - Throw Flame                    Conjuration/Fire             2
   c - Conjure Flame                  Conjuration/Fire             3
   d - Inner Flame                    Hexes/Fire                   3
   e - Sticky Flame                   Conjuration/Fire             4
   f - Fireball                       Conjuration/Fire             5
Comestibles
 c - 5 bread rations
 f - 4 fruits
 g - 3 beef jerkies
 v - a meat ration


   Skills:
 - Level 1.5 Dodging
 - Level 1.1 Stealth
 * Level 3.1 Spellcasting
 * Level 2.6 Conjurations
 + Level 3.0 Fire Magic


You had 7 spell levels left.
You knew the following spells:

 Your Spells              Type           Power        Failure   Level  Hunger
a - Flame Tongue          Conj/Fire      #....        10%         1    #......
b - Conjure Flame         Conj/Fire      #.......     21%         3    ###....


Dungeon Overview and Level Annotations

Branches:
Dungeon (4/15)
 Temple: D:4-7

Altars:
Ashenzari
Dithmenos
Elyvilon
Fedhas
Kikubaaqudgha
Ru
Trog

Annotations:
D:4 Stendarr's ghost, novice TrFE


Innate Abilities, Weirdness & Mutations

You are too large for most types of armour.
You have claws for hands.
Your metabolism is lightning-fast.
You like to eat raw meat.
You heal very quickly.
You are covered in fur (AC +1).
You have very tough skin (AC +2).
Scrolls take you a little longer to read.
Your muscles are strong. (Str +2)
You evolve.


Message History

The jackal barks!
A jackal comes into view.
A jackal and a worker ant come into view.
The jackal barks! x2
The worker ant twitches its antennae in your direction.
The jackal bites you but does no damage.
You see here a scroll labeled QIHEARCH NUOPIURI.
w - a scroll labeled QIHEARCH NUOPIURI The jackal bites you but does no damage.
Stendarr's ghost gestures at you while chanting.
The flame tongue hits you!
The jackal bites you but does no damage.
Stendarr's ghost points at you and mumbles some strange words.
The flame tongue hits you!
* * * LOW HITPOINT WARNING * * *
The jackal bites you.
* * * LOW HITPOINT WARNING * * *
Stendarr's ghost gestures at you while chanting.
The flame tongue hits you!
You die...

###.... ....... a......
#####!....# #...h# .#
#..h.##.# #.hW....#
..... #.....### ># (.
#.... #@....## .# ...#
#.....#......### .##...#
#....#....#...##......
##...#............#...
##..........##......#.#
.......<.####.......#.##
####...## #...........
#...#..# #........###
##.####†####..W....#..


You could see a worker ant, Stendarr's ghost and 3 jackals.

Vanquished Creatures
  A phantom (D:4)
  A hound (D:3)
  An orc wizard (D:3)
  2 worker ants (D:4)
  Robin (D:3)
  3 adders
  2 oozes
  5 worms
  8 orcs (D:3)
  10 bats
  5 giant cockroaches
  20 goblins
  6 hobgoblins
  A quokka (D:3)
  A ball python (D:1)
  2 giant geckos (D:3)
  7 giant newts
  6 kobolds
  7 rats
89 creatures vanquished.

Notes
Turn   | Place    | Note
--------------------------------------------------------------
     0 | D:1      | Stendarr the Troll Fire Elementalist began the quest for the Orb.
     0 | D:1      | Reached XP level 1. HP: 16/16 MP: 1/1
   125 | D:1      | Reached XP level 2. HP: 24/24 MP: 3/3
   804 | D:1      | Reached XP level 3. HP: 31/31 MP: 3/5
  1022 | D:2      | Reached skill level 1 in Conjurations
  1199 | D:2      | Found a shattered altar of Ashenzari.
  1200 | D:2      | Found a shadowy altar of Dithmenos.
  1215 | D:2      | Found a blossoming altar of Fedhas.
  1222 | D:2      | Found an ancient bone altar of Kikubaaqudgha.
  1223 | D:2      | Found a sacrificial altar of Ru.
  1298 | D:2      | Found a bloodstained altar of Trog.
  1372 | D:2      | Learned a level 3 spell: Conjure Flame
  1606 | D:3      | Reached XP level 4. HP: 32/39 MP: 1/6
  1775 | D:3      | Noticed Robin
  2036 | D:3      | Killed Robin
  2183 | D:3      | Gained mutation: Scrolls take you a little longer to read. [potion of mutation]
  2183 | D:3      | Gained mutation: You evolve. [potion of mutation]
  2183 | D:3      | Gained mutation: Your muscles are strong. (Str +2) [potion of mutation]
  2200 | D:3      | Reached XP level 5. HP: 30/45 MP: 2/8
  2767 | D:4      | Noticed a phantom
  2833 | D:4      | Found a white marble altar of Elyvilon.
  2850 | D:4      | Killed a phantom
  2850 | D:4      | Reached skill level 3 in Spellcasting
  2850 | D:4      | Reached XP level 6. HP: 50/53 MP: 1/9
  2966 | D:4      | Noticed Stendarr's ghost (novice TrFE)
  3015 | D:4      | Killed from afar by Stendarr's ghost

Action                   |  1- 3 |  4- 6 || total
-------------------------+-------+-------++-------
Melee: Unarmed           |   114 |   117 ||   231
       Flail             |       |    63 ||    63
 Cast: Flame Tongue      |    25 |    56 ||    81
  Use: Scroll            |     5 |     6 ||    11
       Potion            |       |     1 ||     1
 Stab: Sleeping          |     1 |       ||     1
  Eat: Chunk             |    21 |    13 ||    34
